 Dungeon Crawl Stone Soup version 0.30.1-11-g7821555f0a (webtiles) character file.

Game seed: 8211612579897634626

2571 Anriel the Thaumaturge (level 9, 0/51 HPs)
             Began as a Deep Elf Conjurer on Oct 27, 2023.
             Was a Follower of Vehumet.
             Hit by a silver boomerang thrown by an orc (1 damage)
             ... on level 7 of the Dungeon on Nov 1, 2023.
             The game lasted 00:47:50 (8573 turns).

Anriel the Thaumaturge (Deep Elf Conjurer)          Turns: 8573, Time: 00:47:51

Health: 0/51       AC:  4    Str:  4    XL:     9   Next: 32%
Magic:  15/25      EV: 15    Int: 28    God:    Vehumet [*.....]
Gold:   257        SH:  0    Dex: 21    Spells: 16/28 levels left

rFire   . . .        d - staff of conjuration "Loenumn" {rC+ Dex-4 Stlth+}
rCold   + . .        (no shield)
rNeg    . . .        a - +0 robe
rPois   .            (no helmet)
rElec   .            h - +0 cloak
rCorr   .            t - +0 pair of gloves
SInv    .            (no boots)
Will    .....        (no amulet)
Stlth   ++++         i - +6 ring of dexterity
HPRegen 0.28/turn    q - +6 ring of dexterity
MPRegen 0.19/turn

%: no passive effects
@: no status effects
A: no striking features
a: Renounce Religion


You were on level 7 of the Dungeon.
You worshipped Vehumet.
Vehumet was aware of your devotion.
You visited 2 branches of the dungeon, and saw 8 of its levels.
You also visited: Sewer.

You collected 453 gold pieces.
You spent 196 gold pieces at shops.

Inventory:

Armour
 a - a +0 robe (worn)
 h - a +0 cloak (worn)
 t - a +0 pair of gloves (worn)
 A - a +0 troll leather armour
Magical Staves
 d - the staff of conjuration "Loenumn" (weapon) {rC+ Dex-4 Stlth+}
   (You acquired it on level 1 of the Dungeon)

   [staff of conjuration]

   Base accuracy: +5 Base damage: 5 Base attack delay: 1.2 This weapon's minimum
   attack delay (0.6) is reached at skill level 12.
   Dex:       It affects your dexterity (-4).
   rC:        It protects you from cold.
   Stlth:     It makes you more stealthy.
   It falls into the 'Staves' category.
   It is a one-handed weapon.
 f - a staff of fire
Jewellery
 g - a ring of ice
 i - a +6 ring of dexterity (left hand)
 q - a +6 ring of dexterity (right hand)
 s - a +6 ring of strength
Wands
 r - a wand of flame (4)
 y - a wand of mindburst (1)
Scrolls
 k - 3 scrolls of teleportation
 n - 3 scrolls of fear
 o - 2 scrolls of immolation
 p - 2 scrolls of identify
 v - 5 scrolls of amnesia
 w - a scroll of brand weapon
 B - a scroll of poison {unknown}
Potions
 b - 2 potions of magic
 c - 5 potions of might
 e - 8 potions of curing
 j - a potion of brilliance
 l - 2 potions of resistance
 m - 3 potions of heal wounds
 u - a potion of haste
 x - a potion of ambrosia
 z - a potion of flight


   Skills:
 * Level 3.6 Fighting
 - Level 5.0 Dodging
 - Level 5.0 Stealth
 - Level 10.0 Spellcasting
 + Level 5.1 Conjurations
 - Level 5.0 Translocations
 - Level 5.0 Fire Magic
 + Level 3.2 Evocations


You had 16 spell levels left.
You knew the following spells:

 Your Spells              Type           Power      Damage    Failure   Level
a - Magic Dart            Conj           100%       1d8       1%          1
b - Shock                 Conj/Air       100%       1d9       1%          1
c - Searing Ray           Conj           100%       2d8       1%          2
d - Iskenderun's Mystic   Conj/Tloc      59%        2d12      4%          4
e - Flame Wave            Conj/Fire      59%        2d14      4%          4

Your spell library contained the following spells:

 Spells                   Type           Power      Damage    Failure   Level
 Blink                    Tloc           84%        N/A       1%          2
 Lesser Beckoning         Tloc           84%        N/A       1%          2
 Momentum Strike          Conj/Tloc      100%       3d10      1%          2
 Scorch                   Fire           84%        2d8       1%          2
 Necrotise                Necr           56%        1d6       4%          1
 Dazzling Flash           Conj/Hex       84%        N/A       4%          3
 Sticky Flame             Conj/Fire      59%        2d7       4%          4
 Ignite Poison            Fire/Tmut/Pois 23%        N/A       6%          3
 Vampiric Draining        Necr           14%        2d7       12%         3
 Fulminant Prism          Conj/Hex       21%        3d12      14%         4
 Agony                    Necr           14%        N/A       73%         5
 Summon Cactus Giant      Summ           7%         N/A       99%         6
 Ignition                 Fire           21%        3d8       100%        8


Dungeon Overview and Level Annotations

Branches:
Dungeon (7/15)             Temple (1/1) D:5           Sewer (visited)

Altars:
Cheibriados
Dithmenos
Elyvilon
Fedhas
Gozag
Kikubaaqudgha
Makhleb
Nemelex Xobeh
Okawaru
Qazlal
Ru
Uskayaw
Vehumet
Wu Jian
Xom
The Shining One

Shops:
D:5 !

Annotations:
D:7 Maggie


Message History

Casting: Magic Dart (safe; 1% risk of failure)
Confirm with . or Enter, or press ? or * to list all spells.
Aiming: Shock (safe; 1% risk of failure)
Press: ? - help, Shift-Dir - straight line, f/p - orc
Aim: an orc, wielding a +0 hand axe (74% to hit)
You feel a surge of power!
The zap hits the orc!
You kill the orc!
Vehumet accepts your kill.
The zap hits the orc.
The orc is severely wounded.
Something hits you.
Deactivating autopickup; reactivate with Ctrl-A.
The orc throws a silver boomerang.
The silver boomerang barely misses you.
Casting: Shock (safe; 1% risk of failure)
Confirm with . or Enter, or press ? or * to list all spells.
Aiming: Shock (safe; 1% risk of failure)
Press: ? - help, Shift-Dir - straight line, f - orc
Aim: an orc, wielding a +0 flail, wearing a ring of ice and quivering stones (severely wounded, 74% to hit)
You feel a surge of power!
The zap hits something.
The zap misses the orc.
Something hits you.
The orc throws a silver boomerang.
The silver boomerang closely misses you.
The orc throws a stone.
The stone misses you.
The orc throws a stone.
The stone completely misses you. Something hits you but does no damage.
Something hits you.
The orc throws a silver boomerang.
The orc throws a stone.
The stone barely misses you. Something hits you!
You start resting.
Something hits you!
Something hits you but does no damage. x2; Something hits you.
Something hits you.
* * * LOW HITPOINT WARNING * * *
Something barely misses you. Something hits you.
* * * LOW HITPOINT WARNING * * *
Found a book of Blood.
Something hits you.
* * * LOW HITPOINT WARNING * * *
Something barely misses you. Something hits you!
* * * LOW HITPOINT WARNING * * *
The orc throws a silver boomerang.
The silver boomerang hits you but does no damage.
You die...

# # .. ..#. ####.# ..#:
...#.# .... .. ##.#.#
#.. .. ..# ... o. #.#.#
... ⌠...⌠ .. o## #.#.#
..###.#####.#####.###..
#.#.#
#.......##...##.o.....
#..<# #@#.....#)o#...#
##.#.# #....#.....#...#
†..#.# #.#.o...#).#...#
##.#.# ##.##$..##†.#..o#
..#.# ##..###.###.)....#
###.#
#........o..#....#.# #.#
#.###########....>..
###.# #.# ##.#.#.#
##...#########.#########
#.#.#.#


You could see 2 orcs.

Vanquished Creatures
  A troll (D:7)
  A water moccasin (D:5)
  3 ice beasts
  2 orc warriors
  A sky beast (D:6)
  2 ogres (D:6)
  A kobold brigand (D:3)
  A phantom (D:5)
  A bullfrog (D:7)
  3 scorpions
  2 howler monkeys
  4 jellies
  An orc priest (D:7)
  A gnoll bouda (D:6)
  2 hounds (D:3)
  2 sleepcaps
  4 orc wizards
  4 iguanas
  26 gnolls
  13 adders
  5 river rats (Sewer)
  A shadow imp (D:7)
  2 ufetubi (D:6)
  4 worms
  2 dart slugs
  26 orcs
  13 ball pythons
  9 bats
  10 endoplasms
  6 goblins
  7 hobgoblins
  15 jackals
  7 quokkas
  8 frilled lizards
  A goblin zombie (D:7)
  3 hobgoblin zombies (D:7)
  3 kobolds
  A kobold skeleton (D:7)
  A kobold zombie (D:7)
  3 orc zombies (D:7)
  4 rats
206 creatures vanquished.

Notes
Turn   | Place    | Note
-------+----------+-------------------------------------------
     0 | D:1      | Anriel the Deep Elf Conjurer began the quest for the Orb.
     0 | D:1      | Reached XP level 1. HP: 10/10 MP: 6/6
     2 | D:1      | Noticed a vine stalker
     2 | D:1      | Noticed a tengu
     4 | D:1      | Noticed an octopode
     4 | D:1      | Noticed a naga
     6 | D:1      | Noticed a formicid
     6 | D:1      | Noticed an armataur
     8 | D:1      | Noticed a gargoyle
     8 | D:1      | Noticed a troll
    10 | D:1      | Noticed a felid
    12 | D:1      | Noticed a merfolk
    12 | D:1      | Noticed a draconian
    14 | D:1      | Noticed a ghoul
    14 | D:1      | Noticed an elf
    16 | D:1      | Noticed an ogre
    16 | D:1      | Noticed a vampire
    18 | D:1      | Noticed a demonspawn
    21 | D:1      | Noticed a minotaur
    23 | D:1      | Noticed a meteoran
    23 | D:1      | Noticed a human
    25 | D:1      | Noticed a demigod
    27 | D:1      | Noticed a meteoran
    27 | D:1      | Noticed a human
   398 | D:1      | Reached XP level 2. HP: 12/15 MP: 5/8
   474 | D:1      | Learned a level 2 spell: Searing Ray
   565 | D:1      | Learned a level 2 spell: Blink
   929 | D:1      | Identified a scroll of acquirement
   929 | D:1      | Acquired the staff of conjuration "Loenumn" {rC+ Dex-4
                  | Stlth+}
  1014 | D:2      | Reached XP level 3. HP: 19/19 MP: 5/10
  1068 | D:2      | Found a faded altar of an unknown god.
  1076 | D:2      | Reached skill level 4 in Spellcasting
  1789 | D:2      | Reached XP level 4. HP: 24/24 MP: 10/12
  1809 | D:2      | Learned a level 4 spell: Iskenderun's Mystic Blast
  2197 | D:3      | Reached skill level 5 in Spellcasting
  2197 | D:3      | Reached skill level 5 in Conjurations
  2197 | D:3      | Reached XP level 5. HP: 28/28 MP: 2/14
  2350 | D:3      | Reached skill level 1 in Translocations
  2588 | D:3      | Reached XP level 6. HP: 32/32 MP: 7/16
  2912 | D:3      | Reached skill level 6 in Spellcasting
  3508 | D:3      | Reached XP level 7. HP: 36/36 MP: 12/19
  3597 | D:3      | Reached skill level 5 in Stealth
  3597 | D:3      | Reached skill level 7 in Spellcasting
  4080 | D:3      | Found an ornate altar of the Wu Jian Council.
  4677 | D:4      | Reached skill level 5 in Dodging
  5306 | D:4      | Reached skill level 1 in Fire Magic
  5708 | D:4      | Found a sacrificial altar of Ru.
  5843 | D:5      | Entered Level 5 of the Dungeon
  5862 | D:5      | Learned a level 4 spell: Flame Wave
  5880 | D:5      | Found a burning altar of Makhleb.
  5887 | D:5      | Reached skill level 8 in Spellcasting
  5931 | D:5      | Reached XP level 8. HP: 41/41 MP: 1/22
  6104 | D:5      | Found an opulent altar of Gozag.
  6187 | D:5      | Reached skill level 9 in Spellcasting
  6426 | D:5      | Found a staircase to the Ecumenical Temple.
  6558 | Temple   | Entered the Ecumenical Temple
  6558 | Temple   | Found a transporter.
  6558 | Temple   | Found a transporter.
  6560 | Temple   | Found a transporter.
  6560 | Temple   | Found a transporter.
  6606 | Temple   | Became a worshipper of Vehumet
  6841 | D:5      | Found Liatoar's Distillery.
  6867 | D:5      | Bought a potion of degeneration for 14 gold pieces
  6867 | D:5      | Bought a potion of ambrosia for 112 gold pieces
  6867 | D:5      | Bought a potion of heal wounds for 70 gold pieces
  6940 | D:6      | Reached skill level 10 in Spellcasting
  6940 | D:6      | Reached skill level 5 in Translocations
  7064 | D:6      | Found a glowing drain.
  7075 | D:6      | Reached skill level 1 in Fighting
  7109 | D:6      | Reached skill level 1 in Evocations
  7132 | Sewer    | Entered a sewer
  7407 | Sewer    | Reached * piety under Vehumet
  7407 | Sewer    | Offered knowledge of Shock by Vehumet.
  7910 | Sewer    | Learned a level 1 spell: Shock
  7914 | Sewer    | Learned a level 2 spell: Searing Ray
  8048 | D:6      | Reached XP level 9. HP: 47/48 MP: 20/25
  8222 | D:6      | Found a sparkling altar of Nemelex Xobeh.
  8271 | D:7      | Found a hide-covered altar of Uskayaw.
  8358 | D:7      | Noticed a troll
  8364 | D:7      | Killed a troll
  8412 | D:7      | Found a glowing golden altar of the Shining One.
  8522 | D:7      | Reached skill level 5 in Fire Magic
  8540 | D:7      | Noticed Maggie
  8573 | D:7      | HP: 1/51 [something (8)]
  8573 | D:7      | Hit by a silver boomerang thrown by an orc

Illustrated notes

Levels and vault maps discovered:
D:1:      kb_arrival_jail, layout_loops_ring
D:2:      layout_basic, chequers_ecumenical_altar_simple_redux
D:3:      lemuel_castle_with_subvaults [lemuel_castle_interior_original],
          layout_basic, marbit_many_paths
D:4:      cheibrodos_quashed, layout_basic, nicolae_ru_path_of_blood,
          minmay_starry_boxes
D:5:      layout_basic, mainiacjoe_overflow_paths, grunt_gozag_breadcrumbs,
          minmay_temple_entry_tees, serial_shops, shop
D:6:      layout_rooms, general_overflow_altar, cheibrodos_sewer_entry_drain
D:7:      layout_basic, nicolae_tso_besieged_by_evil,
          nicolae_uskayaw_dance_hall, mainiacjoe_overflow_tiny_flanked,
          minmay_chambers_of_fives, uniq_maggie
Temple:   hellmonk_temple_divided_pantheon

Skill      XL: |  1  2  3  4  5  6  7  8  9 |
---------------+----------------------------+-----
Dodging        | 3 4 5 |  5.0
Stealth        | 3 4 5 |  5.0
Spellcasting   | 4 5 6 8 10 | 10.0
Conjurations   | 5 |  5.1
Translocations | 1 2 3 5 |  5.0
Fire Magic     | 2 4 5 |  5.0
Fighting       | 2 3 |  3.6
Evocations     | 2 3 |  3.2

Action                     |  1- 3 |  4- 6 |  7- 9 || total
---------------------------+-------+-------+-------++-------
  Melee: Unarmed           |     2 |       |       ||     2
         Staff             |     1 |       |       ||     1
   Cast: Magic Dart        |    65 |   167 |   205 ||   437
         Searing Ray       |     1 |     5 |    23 ||    29
         Iskenderun's Myst |       |       |     7 ||     7
         Blink             |       |       |     1 ||     1
         Shock             |       |       |    26 ||    26
    Use: Scroll            |     8 |     1 |    10 ||    19
         Potion            |       |       |     3 ||     3
 Armour: Robe              |     2 |       |    15 ||    17
  Dodge: Dodged            |     4 |     9 |    46 ||    59
